[Event "European Women-ch 2023"]
[Site "Petrovac"]
[Date "2023.03.21"]
[Round "4.1"]
[White "Maltsevskaya, Aleksandra"]
[Black "Bulmaga, Irina"]
[Result "0-1"]
[ECO "C26"]
[WhiteElo "2388"]
[BlackElo "2438"]
[Annotator "TA"]
[PlyCount "42"]
[EventDate "2023.03.15"]
[EventType "swiss"]
[EventCountry "MNE"]
[SourceTitle "playchess.com"]
[Source "ChessBase"]
[SourceQuality "1"]
[TimeControl "40/5400+30:1800+30"]

1. e4 e5 2. Nc3 Nf6 3. d4 exd4 4. Qxd4 Nc6 5. Qd3 Bc5 6. Bf4 {[%emt 0:00:08] C26: Vienna Game: 2...Nf6, sidelines .} d6 7. Qd2 Bb4 {[%emt 0:07:56] Threatens to win with ...Nxe4.} 8. O-O-O {[%emt 0:03:29] The position is equal.} Be6 {[%emt 0:01:08] [#]} 9. Qd3 $146 ({Predecessor:} 9. Qe3 Ng4 10. Qg3 Bxc3 11. bxc3 Qf6 12. h4 h6 13. Bb5 O-O 14. Ne2 Nge5 15. f3 Bxa2 {0-1 Mamedyarov,S (2765)-Ding,L (2799) Speed Chess Chess.com INT blitz 2021 (1.16)}) 9... O-O 10. Nd5 {[%emt 0:01:27] [#]} (10. f3 $1 $11 {keeps the balance.}) 10... Bc5 $1 $17 11. f3 (11. Be2 $17 {was necessary.}) 11... Nxd5 $19 12. exd5 Nb4 $36 {[%emt 0:02:41][%csl LRa2,LRd3,LRd5][%mdl 2048] Black is really pushing.} 13. Qe4 {[%emt 0:01:02] [#]} (13. Qd2 {might work better.} Nxd5 14. Kb1) 13... Bxd5 $1 (13... Nxa2+ $2 14. Kb1 $18) 14. Qf5 Be6 {[%emt 0:03:50][%cal Bd5e6,Be6f5,Bf5g6][%mdl 32] Black is clearly winning.} (14... Nxa2+ $2 {loses.} 15. Kb1 Be6 16. Qh5 $19) (14... Bxa2 $2 {too greedy.} 15. c3 Nc6 16. Nh3 $19) 15. Qh5 Nxa2+ 16. Kb1 Nb4 {[%emt 0:01:04] And now ...Qe8 would win.} 17. Nh3 (17. Bd3 $142 Ba2+ 18. Ka1) 17... Qe8 18. Ng5 Bf5 19. Bd3 Nxd3 20. cxd3 Bg6 {[%emt 0:02:33] Prevents Ne4.} 21. Qg4 Qb5 {[%emt 0:00:49] Weighted Error Value: White=1.18/Black=0.29 (precise)} 0-1

[Event "European Women-ch 2023"]
[Site "Petrovac"]
[Date "2023.03.21"]
[Round "4.1"]
[White "Sliwicka, Alicja"]
[Black "Milliet, Sophie"]
[Result "1/2-1/2"]
[ECO "C77"]
[WhiteElo "2272"]
[BlackElo "2404"]
[Annotator "TA"]
[PlyCount "93"]
[EventDate "2023.03.15"]
[EventType "swiss"]
[EventCountry "MNE"]
[SourceTitle "playchess.com"]
[Source "ChessBase"]
[SourceQuality "1"]
[TimeControl "40/5400+30:1800+30"]

1. e4 e5 2. Nf3 Nc6 3. Bb5 a6 4. Ba4 Nf6 5. Nc3 Bc5 6. d3 {[%emt 0:00:20] C77: Ruy Lopez: 3...a6 4 Ba4 Nf6, unusual lines.} d6 {[%emt 0:02:29] The main line 6...d6 scores better than 6...b5.} 7. Nd5 h6 {[%emt 0:01:18] Inhibits Bg5.} 8. c3 O-O 9. Nxf6+ Qxf6 {[%emt 0:01:51] [#]} 10. h3 $146 ({Predecessor:} 10. Be3 Ne7 11. Qd2 c6 12. d4 Ba7 13. O-O Ng6 14. Bc2 Qe7 15. Rae1 Bg4 16. Bd1 {1-0 Beerdsen,T (2441)-Di Bucchianico,A (2048) Eindhoven WLC op 9th 2018 (5)}) 10... Ne7 11. g4 d5 12. g5 hxg5 13. Bxg5 Qd6 14. Rg1 Ng6 (14... Bxh3 $2 15. Bxe7 Qxe7 16. Ng5 $18) (14... b5 $5 15. Bb3 f6 $11) 15. Qd2 (15. h4 $11) 15... d4 (15... Bxh3 $15 16. O-O-O Be6) 16. Nh4 (16. h4 $11 {is more appropriate.}) 16... Nf4 17. Bxf4 exf4 18. Rg5 Qb6 {[%emt 0:09:10] And now ...Be7 would win.} 19. Nf5 {[%emt 0:03:24] Repels Be7} Bxf5 20. Rxf5 Be7 {[%emt 0:09:43] [#]} (20... a5 $14) 21. Bb3 (21. Ke2 $1 $16) 21... g6 $11 22. Rd5 Rad8 23. Rxd8 (23. cxd4 $2 {is the wrong capture.} Bb4 24. Rd1 Bxd2+ $19) 23... Bxd8 24. Qxf4 dxc3 25. bxc3 Qa5 26. Qd2 Bg5 {[%emt 0:00:39][%mdl 1024] Black has compensation.} 27. Qc2 {[%emt 0:01:03] White is weak on the dark squares} Bf4 28. d4 Qg5 {[%emt 0:02:37] [#] White must now prevent ...Qg1+.} 29. Qe2 ({White should try} 29. Kf1 $14) 29... Re8 (29... Qg2 $11 30. Kd1 Kg7) 30. Kf1 $1 $14 Kg7 31. Qf3 f6 32. Re1 c6 33. Re2 Bh2 34. Qg4 {[%emt 0:01:06] Prevents Qg1+.} (34. Re3 {with more complications.} Re7 35. Qg2 Qxg2+ 36. Kxg2 Bd6 37. Kf3) 34... Qxg4 35. hxg4 {[%emt 0:00:01][%cal Og4g5][%mdl 4096] Endgame KRB-KRB} Bf4 36. Kg2 Kh6 37. Kf3 g5 38. Rb2 Re7 39. a4 Kg7 40. Ba2 Kf8 41. Bb1 Ke8 42. Bd3 Kd8 43. Ke2 Kc7 44. Rb1 Rh7 45. Rd1 (45. e5 $5 Re7 46. Be4 $11) 45... Rh2 46. Rg1 a5 47. Bc4 {[%emt 0:02:56] Weighted Error Value: White=0.19 (very precise) /Black=0.14 (very precise)} 1/2-1/2

[Event "European Women-ch 2023"]
[Site "Petrovac"]
[Date "2023.03.21"]
[Round "4.1"]
[White "Mamedjarova, Turkan"]
[Black "Vidic, Teja"]
[Result "1-0"]
[ECO "C55"]
[WhiteElo "2229"]
[BlackElo "2097"]
[Annotator "TA"]
[PlyCount "79"]
[EventDate "2023.03.15"]
[EventType "swiss"]
[EventCountry "MNE"]
[SourceTitle "playchess.com"]
[Source "ChessBase"]
[SourceQuality "1"]
[TimeControl "40/5400+30:1800+30"]

1. e4 e5 2. Nf3 Nc6 3. Bc4 Nf6 4. Nc3 Nxe4 5. Nxe4 d5 6. Bd3 dxe4 7. Bxe4 Bd6 8. c3 {[%emt 0:07:43] C55: Two Knights: 4 d3, 4 d4 exd4 5 e5 and Max Lange Attack.} O-O (8... f5 $5 9. Bxc6+ bxc6 $11) 9. O-O Bg4 10. h3 {[%emt 0:16:02] White is slightly better.} Bh5 {[%emt 0:02:40] ...f5 is the strong threat.} 11. Qb3 {[%emt 0:00:28] [#]} Kh8 $146 (11... Rb8 $11 {and Black has nothing to worry.}) ({Predecessor:} 11... Rb8 12. Qa4 Qe8 13. d3 a6 14. Re1 Ne7 {½-½ Hoppe,N (1652)-Blobel,T (1656) Muensterland Verbandsliga 1819 2018 (8.7)}) 12. Qxb7 $18 Rb8 13. Qxc6 f5 {[%emt 0:00:05] [#]} 14. Nxe5 $1 Be8 (14... Bxe5 15. d4) 15. Qc4 {[%emt 0:01:06] Black must now prevent Nc6.} Bxe5 {[%emt 0:01:23] [#]} 16. Bc6 Bf7 17. Qc5 Qf6 (17... Rb6 $16) 18. b3 (18. d4 Bd6 19. Qxa7 Rb6 $18) 18... Bd6 19. Qa5 g5 (19... Rb6 $16 {might work better.}) 20. d3 (20. Qxa7 Rb6 $11) 20... Rb6 {[%emt 0:09:45] [#]} 21. Be3 $1 {[%emt 0:01:40][%mdl 64] Bd4 would be deadly. Skewer} Be5 (21... Rxc6 $2 22. Bd4 $18 (22. Bxa7 $2 Rxc3 23. Rac1 Rxd3 $19) (22. Bxa7 $2 Rxc3 23. Rad1 Rd8 $19)) 22. d4 ({Resist} 22. Bxb6 axb6 23. Qa3 Rg8 $18) 22... Bd6 23. d5 g4 24. Bd4 Be5 25. Bxe5 (25. Qxa7 Bxd4 26. cxd4 Qd6 $18) 25... Qxe5 26. Qc5 ({Weaker is} 26. Qxa7 gxh3 27. Rae1 Qg7 $11) 26... Rg8 {[%emt 0:01:43][%cal Ob6c6] aiming for ...Rxc6!} 27. Rfe1 Qg7 28. hxg4 Qxg4 29. Qd4+ Qxd4 30. cxd4 Bh5 31. Kf1 Rb4 32. f3 Rxd4 33. Rad1 {[%emt 0:00:25] Dodges Rd2} Rh4 34. Kf2 Rh2 35. Rg1 f4 36. Rd4 Rf8 (36... Be8 $142 37. Bxe8 Rxe8 38. Rxf4 Rd8) 37. Ra4 Rg8 (37... Be8 $142 38. Bxe8 Rxe8 39. Rxf4 Rd8) 38. Rxf4 {[%emt 0:00:16] White is clearly winning.} a5 39. Ra4 Rf8 (39... Be8 $142 40. Bxe8 Rxe8 41. Rxa5 Rh4) 40. Kg3 {[%emt 0:00:00] Weighted Error Value: White=0.33/Black=0.59} ({Not} 40. Rxa5 Rxf3+ 41. Ke1 Rd3 $18) 1-0

[Event "European Women-ch 2023"]
[Site "Petrovac"]
[Date "2023.03.21"]
[Round "4.2"]
[White "Zawadzka, Jolanta"]
[Black "Radeva, Viktoria"]
[Result "0-1"]
[ECO "B28"]
[WhiteElo "2391"]
[BlackElo "2247"]
[Annotator "TA"]
[PlyCount "98"]
[EventDate "2023.03.15"]
[EventType "swiss"]
[EventCountry "MNE"]
[SourceTitle "playchess.com"]
[Source "ChessBase"]
[SourceQuality "1"]
[TimeControl "40/5400+30:1800+30"]

1. e4 c5 2. Nf3 a6 3. c4 Nc6 4. d4 cxd4 5. Nxd4 e5 6. Nf5 d6 {[%emt 0:00:08] B28: Sicilian: 2 Nf3 a6 (O'Kelly Variation).} 7. Ne3 g6 $1 {[%emt 0:00:11][%mdl 4] now scores much better than the old 7...Nf6.} 8. Nc3 Be6 {[%emt 0:00:05] White is slightly better.} 9. Bd3 Bh6 10. O-O Nf6 11. Nc2 Bxc1 {[%emt 0:00:08] [#]} 12. Rxc1 $146 ({Predecessor:} 12. Qxc1 O-O 13. Qd2 Rc8 14. b3 Qa5 15. Rfd1 Kg7 16. a4 Qc5 17. h3 Rfd8 18. Ne2 {0-1 Anita,J (2166)-Chatterjee,A (2229) Afroasian-chT3 email 2020 [3]}) 12... Nh5 13. Qd2 Nf4 14. Kh1 h5 15. Rfd1 h4 16. Qe3 (16. Nd5 {simplifies} Nxd3 17. Qxd3 Rc8 18. h3) 16... Qg5 17. Rg1 h3 18. g3 Nxd3 19. Qxd3 Qh5 20. b3 (20. Qxd6 $2 Qf3+) (20. Nd5 $5 O-O-O 21. f3 $11) 20... Bg4 {[%emt 0:06:06] ( -> ...Bf3+)} 21. Rge1 O-O 22. Re3 $1 Rad8 23. f3 Be6 24. g4 Qh4 25. Rg1 Kg7 26. Rg3 Rh8 27. Re1 Kf8 (27... Qe7 $14) 28. Rd1 ({Better is} 28. g5 $1 $16) 28... Qh7 (28... Qg5 $14) 29. g5 $18 Qh4 30. Qe3 Qf4 31. Qb6 {[%emt 0:01:23] aiming for Ne2.} Rd7 32. Ne2 Qh4 33. Nb4 (33. Ne3 $1 $16) 33... Ne7 (33... Nxb4 $14 34. Qxb4 Kg7) 34. Qe3 (34. Rxd6 $2 Nc8 35. Qe3 Rxd6 $19) 34... Kg7 {[%emt 0:01:26] [#]} 35. Rf1 ({White should play} 35. Nd5 $1 $18) 35... b5 $1 $14 36. cxb5 axb5 37. f4 (37. Nc3 $1 $14) 37... Rc8 $11 38. Qd3 $2 {[%emt 0:01:45][%mdl 8192] [#]} (38. Nd3 $14 {keeps the upper hand.}) 38... d5 $1 $19 39. Qxb5 (39. fxe5 $2 dxe4 40. Qxb5 Nf5 $19) (39. Qe3 $142 Kg8 40. exd5 Nxd5 41. Nxd5 Bxd5+ 42. Kg1) 39... Kg8 40. Rd3 (40. fxe5 Qxe4+ 41. Rgf3 Rb7 $19) 40... Qg4 41. Rg3 {[%emt 0:02:18] Dodges Qg2+} Qh4 (41... Qh5 $19 42. Re3 dxe4) 42. exd5 $2 (42. fxe5 $2 Qxe4+ 43. Rgf3 Rb7 $19) (42. Rd3 $1 $11) 42... Nxd5 43. Nxd5 (43. Nd3 exf4 44. Ndxf4 Nxf4 45. Nxf4) 43... Rxd5 44. Qa4 Rd2 {[%emt 0:05:53] Black mates.} 45. Re1 {[%emt 0:06:05] [#]} Rxe2 $1 {[%emt 0:03:51][%mdl 576] Remove Defender, Deflection} 46. Rxe2 (46. Rd1 Bd5+) 46... Rc1+ ({Stronger than} 46... Qxf4 47. Qxf4 exf4 48. Rxe6 $11) 47. Rg1 Bd5+ (47... Qxf4 $2 48. Qxf4 Bd5+ 49. Qe4 Bxe4+ 50. Rxe4 $18) 48. Re4 Qxf4 {[%emt 0:00:33][%cal Rf4f3][%mdl 64] Pin, Double Attack} ({Weaker is} 48... Bxe4+ 49. Qxe4 Rc8 50. Qf3 $17 (50. Qxe5 {is a self mate.} Qf2 51. Qe4 Rc2 52. Qe8+ Kg7 53. Qe5+ Kh7)) 49. Qe8+ Kg7 {[%emt 0:00:08] A cool game by Radeva.   Weighted Error Value: White=0.55/Black=0.19 (very precise)} 0-1

[Event "European Women-ch 2023"]
[Site "Petrovac"]
[Date "2023.03.21"]
[Round "4.2"]
[White "Beydullayeva, Govhar"]
[Black "Kiolbasa, Oliwia"]
[Result "1/2-1/2"]
[ECO "D37"]
[WhiteElo "2388"]
[BlackElo "2406"]
[Annotator "TA"]
[PlyCount "75"]
[EventDate "2023.03.15"]
[EventType "swiss"]
[EventCountry "MNE"]
[SourceTitle "playchess.com"]
[Source "ChessBase"]
[SourceQuality "1"]
[TimeControl "40/5400+30:1800+30"]

1. d4 d5 2. c4 e6 3. Nf3 Nf6 4. Nc3 Be7 5. Bf4 O-O 6. e3 b6 7. Bd3 Ba6 {[%emt 0:00:47] D37: Queen's Gambit Declined: 5 Bf4.} 8. cxd5 Nxd5 9. Nxd5 Qxd5 {[%emt 0:00:28] The position is equal.} 10. O-O Bxd3 11. Qxd3 c5 12. e4 Qb7 13. d5 exd5 14. exd5 Nd7 15. Rfe1 Rfe8 16. Re2 {[%emt 0:10:00] [#]} Bf6 $146 ({Predecessor:} 16... Bf8 17. Rae1 Rxe2 18. Rxe2 Nf6 19. d6 Qd5 20. Qxd5 {½-½ Babula,V (2556)-Malinovsky,K (2483) CZE-chT1E 1718 2017 (7.3)}) 17. Rae1 Rxe2 18. Rxe2 h6 19. h4 Rd8 20. d6 Nf8 21. Bg3 b5 22. b3 Qc6 23. Nd2 Ne6 24. Ne4 Bd4 25. Qf3 {[%emt 0:01:43][%cal Oe4f6] [#] Nf6+! would be deadly.} Qd7 26. Rc2 Rc8 27. Qf5 Qb7 28. h5 c4 {[%emt 0:02:39] With the idea ...c3.} 29. Qf3 {[%emt 0:02:50][%cal Oe4f6] [#] Threatens to win with Nf6+!} Kh8 30. d7 Qxd7 {[%emt 0:02:26] White must now prevent ...Ng5.} 31. Nd6 Rf8 {[%emt 0:06:19][%cal Of7f5] ...f5! is the strong threat.} (31... Ng5 $5 32. Qe2 Rc6 33. Nxb5 Bb6 $11) 32. bxc4 bxc4 33. Rxc4 Bc5 {[%emt 0:01:07] Black is weak on the light squares} 34. Qb7 Qxb7 35. Nxb7 Bd4 36. Kf1 f5 37. Bd6 Re8 38. Bb4 {[%emt 0:00:46] Weighted Error Value: White=0.07 (flawless) /Black=0.08 (flawless)} 1/2-1/2

[Event "European Women-ch 2023"]
[Site "Petrovac"]
[Date "2023.03.21"]
[Round "4.2"]
[White "Slaba, Andrea"]
[Black "Gueci, Tea"]
[Result "1-0"]
[ECO "D31"]
[WhiteElo "2061"]
[BlackElo "2227"]
[Annotator "TA"]
[PlyCount "127"]
[EventDate "2023.03.15"]
[EventType "swiss"]
[EventCountry "MNE"]
[SourceTitle "playchess.com"]
[Source "ChessBase"]
[SourceQuality "1"]
[TimeControl "40/5400+30:1800+30"]

1. Nf3 d5 2. d4 e6 3. c4 a6 4. cxd5 exd5 5. Nc3 h6 6. Bf4 {[%emt 0:00:51] D31: Queen's Gambit Declined: Semi-Slav without ...Nf6 (+ Marshall Gambit and Noteboom) and Exchange Variation lines without ...Nf6.} Nf6 7. h3 Bd6 8. Bxd6 {[%emt 0:00:11] White has an edge.} Qxd6 9. Qc2 O-O 10. e3 Be6 11. Bd3 Nbd7 12. O-O c5 13. dxc5 Nxc5 14. Nd4 Rac8 15. Rad1 {[%emt 0:14:59] [#]} Qe5 $146 ({Predecessor:} 15... b5 16. Qb1 b4 17. Nce2 Bd7 18. Bc2 Rfe8 19. Ng3 a5 20. Bf5 Be6 {1-0 Le,Q (2709)-Bologan,V (2574) Titled Tuesday intern op 4th Aug 10am blitz 2020 (6)}) 16. Qb1 Rfd8 17. Nce2 Nfe4 18. Nf4 Bd7 19. Nf3 Qe8 20. Nd4 ({Better is} 20. Nxd5 $14 Nxd3 21. Rxd3 (21. Qxd3 $2 {is the wrong capture.} Bb5 $19 {[%mdl 64] Skewer})) 20... Bc6 (20... Qe5 $11) 21. Rfe1 $14 Rc7 22. f3 Nd6 23. Bf1 {[%emt 0:00:49] White is more active.} Re7 24. Kf2 (24. Qc2 $16 Ne6 25. Ndxe6 fxe6 26. Bd3) 24... a5 (24... Ne6 $11) 25. Rc1 (25. Qc2 $16 Ne6 26. Ndxe6 fxe6 27. Bd3) 25... Ne6 26. Ndxe6 fxe6 27. Bd3 $1 g5 28. Ng6 Rg7 (28... Rc7 $14 {feels stronger.} 29. b4 axb4) 29. Ne5 $36 {[%emt 0:00:41][%mdl 2048] Keeping Black busy.} Bb5 {[%emt 0:00:59] [#]} (29... Rc7 $16 {was called for.}) 30. Ng4 $1 $18 {[%emt 0:01:36] Nf6+ is the strong threat.} Qf8 {[%emt 0:07:10] Repels Nf6+. Threatens to win with ...h5.} 31. Nxh6+ Kh8 32. Ng4 Bxd3 33. Qxd3 Nf5 34. Qc3 Qd6 35. Qe5 Qb6 36. Nf6 {[%emt 0:07:36] Strongly threatening Nh5.} Qd6 37. Qxd6 Nxd6 38. Ng4 Rdd7 39. Rc2 a4 40. Ne5 Rd8 41. Rec1 Nc4 (41... Kg8 $142 42. Rd1 Kf8) 42. Nd3 Ra8 43. Rh1 Rh7 44. g3 ({White should try} 44. e4 $18) 44... Rf8 45. b3 axb3 46. axb3 Nd6 47. g4 Ra8 48. Kg3 Ra3 49. Rb2 (49. Rb1 $18) 49... Nc4 $2 {[%emt 0:04:52] A mistake that costs the game.} (49... Kg7 $16 {might work better.}) 50. bxc4 Rxd3 51. cxd5 exd5 {[%emt 0:00:35][%mdl 4096] Endgame [#] KRR-KRR} 52. Rhb1 $1 Re7 (52... d4 53. Rxb7 Rxb7 54. Rxb7 dxe3) 53. Rb3 ({Don't do} 53. Rxb7 Rdxe3 54. R1b5 Rxb7 55. Rxb7 Kg8) 53... Rexe3 (53... Rxb3 54. Rxb3 Kg7) 54. Rxd3 ({Stronger than} 54. Rxb7 Rxf3+ 55. Kg2 Kg8 $11) 54... Rxd3 55. Rxb7 {[%emt 0:00:02] KR-KR} Kg8 {[%emt 0:02:04] Inhibits Rf7.} 56. Re7 Rd1 57. Re5 Kf7 58. Rxg5 Kf6 59. Rf5+ Kg6 60. h4 d4 61. h5+ Kg7 62. Kf4 d3 63. Rd5 {[%emt 0:00:04] And now g5 would win.} Kf7 64. Ke3 {[%emt 0:00:06] Weighted Error Value: White=0.18 (very precise) /Black=0.40} 1-0

[Event "European Women-ch 2023"]
[Site "Petrovac"]
[Date "2023.03.21"]
[Round "4.3"]
[White "Buksa, Nataliya"]
[Black "Khotenashvili, Bela"]
[Result "1/2-1/2"]
[ECO "C77"]
[WhiteElo "2405"]
[BlackElo "2491"]
[Annotator "TA"]
[PlyCount "140"]
[EventDate "2023.03.15"]
[EventType "swiss"]
[EventCountry "MNE"]
[SourceTitle "playchess.com"]
[Source "ChessBase"]
[SourceQuality "1"]
[TimeControl "40/5400+30:1800+30"]

1. e4 e5 2. Nf3 Nc6 3. Bb5 a6 4. Ba4 Nf6 5. Nc3 Be7 6. d3 d6 (6... b5 $5 7. Bb3 $8 d6 $11) 7. a3 {[%emt 0:00:18] C77: Ruy Lopez: 3...a6 4 Ba4 Nf6, unusual lines.} O-O 8. h3 b5 9. Bb3 Na5 10. Ba2 c5 11. O-O (11. b4 $5 Nc6 12. Nd5 $11) 11... Be6 12. Bg5 Nc6 {[%emt 0:11:09] [#]} 13. a4 $146 ({Predecessor:} 13. Bxf6 Bxf6 14. a4 b4 15. Nd5 g6 16. Qd2 Rb8 17. Bc4 a5 18. c3 Bxd5 19. Bxd5 {0-1 Shyam,S (2502)-Kravtsiv,M (2598) Chessable Masters Play In rapid 2023 (3)}) 13... Rb8 14. axb5 axb5 15. Bxf6 Bxf6 16. Nd5 Bxd5 17. Bxd5 Ne7 18. Bb3 Qc7 19. c3 c4 20. Bc2 Rfd8 21. d4 b4 22. Qc1 h6 23. d5 b3 24. Bd1 Nc8 25. Be2 Nb6 26. h4 Ra8 27. g3 (27. Qe3 $11) 27... Rxa1 $17 28. Qxa1 Ra8 {[%emt 0:00:03] Wards off Qa5} 29. Qc1 Ra2 30. Qd2 $2 (30. Nd2 $17) 30... Qc5 31. Rb1 Na4 $1 32. Ne1 {[%emt 0:01:36] [#]} (32. Bf1 $142 Nxb2 33. Qe3 (33. Rxb2 $2 Qa3 $19)) 32... Nxb2 $2 33. Rxb2 $11 Qa3 34. Rxa2 bxa2 35. Nc2 (35. Bxc4 $2 a1=Q 36. Bf1 Q3xc3 37. Qxc3 Qxc3 $19) 35... Qb2 $36 {[%emt 0:01:08][%mdl 2048] Repels Na1. Black is more active.} 36. Qd1 Qxc3 37. Kg2 Bd8 38. Na1 Bb6 39. Qa4 $2 Bxf2 $1 $19 (39... Qxa1 $2 40. Qe8+ Kh7 41. Bg4 $18) 40. Kxf2 Qxa1 41. Qe8+ Kh7 42. Qxf7 Qd4+ 43. Kf3 Qc5 $1 ({Inferior is} 43... a1=B 44. Qf5+ Kh8 45. Qf8+ Kh7 46. Qf5+ (46. Qxd6 Qc3+ 47. Kf2 Qd4+ 48. Kf3 Qc3+ 49. Kf2 Qd4+ 50. Kf3 $15) 46... Kh8 47. Qf8+ Kh7 48. Qf5+ $11 (48. Qxd6 Qc3+ 49. Kf2 Qd2 $15)) (43... a1=Q 44. Qf5+ g6 45. Qf7+ Kh8 46. Qe8+ Kh7 47. Qf7+ Kh8 48. Qe8+ Kh7 49. Qf7+ $11) 44. Qf5+ Kg8 45. Qe6+ Kf8 $1 46. Qf5+ Ke7 47. Qe6+ {[%emt 0:00:03] [#]} Kd8 $1 48. Qg8+ Kc7 49. Qa8 c3 50. Bb5 Qxb5 {[%emt 0:04:09][%mdl 4096] Endgame KQ-KQ} 51. Qa7+ Kd8 $2 (51... Kc8 52. Qxa2 Kb7) 52. Qa8+ $2 (52. Qxa2 $19 Qd3+ 53. Kf2 Qxe4 54. Qa5+ Ke8 55. Qxc3 Qxd5 56. Ke1) 52... Ke7 53. Qa7+ Kf6 54. Qxa2 Qd3+ 55. Kf2 Qd2+ $2 (55... c2 {mates} 56. Qa8 Qxe4 57. Qa3 Qd4+ 58. Kf3 Qd1+ 59. Kg2 Qxd5+ 60. Kh3 Qh1+ 61. Kg4 Qd1+ 62. Kh3 c1=Q 63. Qxc1 Qxc1 64. g4 Qg1 65. h5 Qf2 66. g5+ hxg5 67. h6 Kf5 68. hxg7 g4#) 56. Qxd2 $17 cxd2 {[%emt 0:00:01] KP-KP} 57. Ke2 g5 58. Kxd2 {[%emt 0:00:59] [#]} gxh4 ({Black should play} 58... Kg6 $1 $17 {( -> ...gxh4)} 59. Kd3 Kh5 60. hxg5 hxg5) 59. gxh4 {[%emt 0:00:04] K3P-K3P. The position is equal.} Kg6 $1 60. Kd3 {[%emt 0:00:08] Threatens to win with Kc4.} (60. Kc3 $5) 60... Kh5 61. Kc4 $1 Kxh4 $11 {[%emt 0:00:06] K3P-KPP} 62. Kb5 $1 Kg3 (62... h5 $5 63. Kc6 $8 Kg3 64. Kxd6 h4 65. Kxe5 h3 $11) 63. Kc6 h5 64. Kxd6 h4 65. Kxe5 {[%emt 0:00:45] And now d6 would win. KPP-KP} h3 66. d6 h2 67. d7 h1=Q 68. d8=Q {[%emt 0:00:02] Dodges Qh8+} (68. d8=B {leads to mate.} Qh5+ 69. Ke6 Kf4 70. Be7 Kxe4 71. Bf6 Qf5+ 72. Ke7 Qc5+ 73. Kf7 Kf5 74. Be7 Qc6 75. Bh4 Qe6+ 76. Kg7 Qg6+ 77. Kh8 Ke6 78. Be1 Kf7 79. Bh4 Qh6#) 68... Qh5+ 69. Ke6 Qg4+ 70. Kf7 {[%emt 0:00:10] Strongly threatening Qd6+.} Qxe4 {[%emt 0:00:03] Whites escaped into a draw.   Weighted Error Value: White=0.60/Black=0.36} 1/2-1/2

[Event "European Women-ch 2023"]
[Site "Petrovac"]
[Date "2023.03.21"]
[Round "4.3"]
[White "Zhapova, Yana"]
[Black "Narva, Mai"]
[Result "0-1"]
[ECO "B31"]
[WhiteElo "2269"]
[BlackElo "2389"]
[Annotator "TA"]
[PlyCount "72"]
[EventDate "2023.03.15"]
[EventType "swiss"]
[EventCountry "MNE"]
[SourceTitle "playchess.com"]
[Source "ChessBase"]
[SourceQuality "1"]
[TimeControl "40/5400+30:1800+30"]

1. e4 c5 2. Nf3 Nc6 3. Bb5 g6 4. O-O Bg7 5. c3 Nf6 6. Re1 O-O 7. d4 d5 8. e5 Ne4 9. Bxc6 bxc6 10. Be3 {[%emt 0:00:23] now scores much better than the old 10.Nbd2. B31: Sicilian: 2...Nc6 3 Bb5 g6.} Rb8 11. Qc1 cxd4 12. cxd4 {[%emt 0:00:10] The position is equal.} Bf5 13. Nbd2 Qb6 14. b3 {[%emt 0:02:05] [#]} Qb5 $146 (14... Rfc8 $5 ) ({Predecessor:} 14... f6 15. exf6 Bxf6 16. Nxe4 Bxe4 17. Ne5 Bxe5 18. dxe5 Qb7 19. f3 Bf5 20. e6 Bd3 {1-0 Makarian,R (2442)-Reimanis,R (2421) RUS-LAT Online Battle blitz 2020}) 15. h3 f6 16. exf6 exf6 17. Nf1 g5 18. N3d2 h6 19. h4 Rbe8 20. Nb1 Bg6 {[%emt 0:04:37] Strongly threatening ...f5.} 21. f3 {[%emt 0:00:22] Dodges f5} Nd6 22. Nc3 Qb7 23. Qd2 Qb4 {[%emt 0:07:33] Black has more active pieces.} 24. Rac1 f5 ({But not} 24... gxh4 25. Ne2 Qb6 26. Bxh6 $11) 25. hxg5 f4 26. Bf2 (26. Ne2 $11 Qxd2 27. Bxd2 hxg5 28. Rxc6) 26... hxg5 $15 27. Rxe8 Rxe8 28. Ne4 {[%emt 0:11:28][%mdl 64] [#] Discovered Attack} Qxd2 29. Nexd2 Nb5 30. Rxc6 Bf7 (30... Nxd4 $2 31. Rxg6 Ne6 32. Bxa7 $18) 31. g3 (31. g4 $15) 31... Nxd4 $17 ({Weaker is} 31... Bxd4 32. Bxd4 Nxd4 33. Ra6 $17) 32. Rc5 Bf6 (32... Ne2+ $17 33. Kh1 fxg3 34. Bxg3 Bd4) 33. Nh2 $2 {[%emt 0:01:26][%mdl 8192] [#] This move loses the game for White.} (33. gxf4 $15 Ne2+ 34. Kh1) 33... fxg3 $19 34. Bxg3 Ne2+ 35. Kg2 Nxg3 36. Kxg3 Be5+ {[%emt 0:00:15] Weighted Error Value: White=0.39/Black=0.11 (very precise)} 0-1